AoeStats
← Caronte

Hill Fort

506502983Analyzed
4v4 RM · 20d ago on Sep 13, 2026· 56m 43s· 8 players
Game mode
Random Map
Map size
Large (8 player)
Population
200
Speed
Normal
Resources
Standard
Victory
Conquest
Starting age
Dark Age
Ending age
Imperial Age
RankedLock teamsTeams togetherTeam positionsShared explorationLock speedFull tech treeHidden civsTurbo modeCheats
Victory
Defeat
🇳🇱 Saracens · Netherlands
968
+15
🇭🇰 Lithuanians · Hong Kong SAR China
947
+16
🇬🇧 Bulgarians · United Kingdom
944
+16
🇬🇧 Hindustanis · United Kingdom
943
+16
🇨🇳 Malay · China
1032
-19
🇺🇾 Koreans · Uruguay
953
-16
🇦🇷 Ethiopians · Argentina
909
-14
🇦🇷 Hindustanis · Argentina
907
-14
YourOldNanna
7:37 Loom
11:32 Feudal Age
16:49 Castle Age
14:52 Double-Bit Axe
15:10 Horse Collar
17:53 Wheelbarrow
18:38 Forging
18:51 Heavy Plow
21:30 Scale Mail Armor
22:50 Gambesons
27:47 Iron Casting
29:35 Bow Saw
29:31 Squires
29:18 Arson
35:53 Chain Mail Armor
36:00 Fishing Lines
37:26 Gillnets
38:53 Hand Cart
44:20 Imperial Age
41:37 Town Watch
44:16 Gold Mining
45:29 Stirrups
49:16 Scale Barding Armor
49:36 Conscription
50:00 Crop Rotation
49:51 Caravan
50:12 Husbandry
52:30 Chain Barding Armor
53:11 Blast Furnace
53:32 Elite Konnik
Doofus
9:49 Feudal Age
10:20 Double-Bit Axe
10:19 Horse Collar
17:49 Castle Age
19:02 Bow Saw
18:55 Heavy Plow
19:32 Wheelbarrow
18:43 Town Watch
21:48 Loom
23:28 Gold Mining
23:55 Fletching
24:16 Forging
24:30 Hand Cart
25:22 Bodkin Arrow
29:04 Imperial Age
28:28 Iron Casting
30:45 Conscription
32:11 Two-Man Saw
32:10 Husbandry
32:20 Bloodlines
33:36 Gold Shaft Mining
33:03 Murder Holes
35:19 Blast Furnace
34:14 Heavy Camel Rider
35:46 Ballistics
35:38 Squires
36:10 Imperial Camel Rider
37:21 Scale Barding Armor
37:36 Elite Ghulam
38:46 Scale Mail Armor
39:07 Chain Barding Armor
39:21 Town Patrol
40:28 Chemistry
39:39 Masonry
40:52 Chain Mail Armor
41:19 Bracer
42:45 Hoardings
43:01 Plate Barding Armor
42:36 Siege Engineers
42:54 Grand Trunk Road
42:41 Onager
47:40 Coinage
47:11 Caravan
50:01 Banking
49:58 Siege Elephant
56:19 Light Cavalry
BombaKladSon
11:54 Feudal Age
12:28 Double-Bit Axe
12:30 Horse Collar
17:09 Castle Age
15:36 Stone Mining
16:13 Gold Mining
18:28 Wheelbarrow
18:18 Bow Saw
23:46 Loom
24:37 Wheelbarrow
26:43 Hand Cart
26:57 Forging
27:03 Scale Barding Armor
33:02 Imperial Age
32:36 Husbandry
32:46 Bloodlines
33:31 Fletching
33:42 Padded Archer Armor
33:11 Capped Ram
35:37 Iron Casting
35:31 Chain Barding Armor
35:48 Pikeman
37:04 Crossbowman
37:49 Thumb Ring
42:12 Arbalester
42:23 Siege Ram
44:16 Conscription
43:54 Bodkin Arrow
45:34 Blast Furnace
44:35 Bracer
47:24 Plate Barding Armor
46:49 Scale Mail Armor
49:12 Leather Archer Armor
53:48 Gold Shaft Mining
53:44 Caravan
55:02 Chemistry
54:35 Ring Archer Armor
hqitbkv
0:33 Loom
12:01 Feudal Age
16:47 Castle Age
15:24 Double-Bit Axe
19:33 Bow Saw
20:28 Horse Collar
22:55 Wheelbarrow
24:14 Stone Mining
25:04 Gold Mining
28:33 Treadmill Crane
30:15 Wheelbarrow
34:26 Imperial Age
32:19 Hand Cart
32:43 Heavy Plow
34:39 Forging
34:34 Scale Barding Armor
34:44 Bloodlines
34:34 Husbandry
35:24 Caravan
34:53 Cavalier
36:18 Conscription
36:50 Paladin
38:02 Chain Barding Armor
38:18 Iron Casting
38:23 Town Watch
40:26 Plate Barding Armor
39:43 Fletching
42:01 Elite Leitis
43:28 Stone Shaft Mining
47:07 Guilds
47:27 Coinage
49:21 Bodkin Arrow
54:20 Chemistry
54:33 Two-Man Saw
54:05 Crop Rotation
55:17 Ballistics
JulioApo
11:49 Feudal Age
12:27 Double-Bit Axe
14:36 Loom
21:24 Castle Age
19:51 Fletching
20:18 Horse Collar
22:42 Bodkin Arrow
27:15 Wheelbarrow
27:18 Loom
39:10 Imperial Age
37:53 Hand Cart
ZHurald ZHurdrada
10:32 Loom
13:16 Feudal Age
13:44 Feudal Age
14:00 Horse Collar
20:27 Wheelbarrow
19:50 Double-Bit Axe
25:56 Castle Age
23:58 Fishing Lines
24:49 Fletching
25:00 Padded Archer Armor
28:37 Hand Cart
29:07 Thumb Ring
31:08 Thalassocracy
31:10 Bodkin Arrow
30:42 Crossbowman
31:37 Town Watch
32:16 Bow Saw
32:07 Gold Mining
32:08 Stone Mining
33:40 Gillnets
40:17 Imperial Age
39:25 Ballistics
39:01 Murder Holes
38:47 Treadmill Crane
39:19 Masonry
41:02 Chemistry
40:05 Bracer
40:17 Forging
40:31 Forced Levy
40:51 Conscription
41:00 Man-at-Arms
41:41 Squires
42:19 Iron Casting
41:41 Long Swordsman
43:12 Medium Warships
44:09 Blast Furnace
43:01 Two-Handed Swordsman
43:28 Arson
44:12 Elite Cannon Galleon
45:15 Bombard Tower
45:16 Heavy Plow
55:52 Pikeman
56:24 Demolition Ship
nicocaraza
0:49 Loom
13:42 Feudal Age
16:49 Horse Collar
16:58 Double-Bit Axe
21:53 Castle Age
24:30 Gold Mining
24:30 Stone Mining
24:45 Heavy Plow
29:22 Gold Shaft Mining
31:53 Imperial Age
31:04 Wheelbarrow
30:42 Pikeman
34:16 Chemistry
36:53 Forging
36:44 Scale Mail Armor
38:51 Iron Casting
42:39 Elite Skirmisher
Caronte
10:09 Feudal Age
10:56 Double-Bit Axe
12:08 Wheelbarrow
12:20 Horse Collar
19:59 Castle Age
20:08 Scale Mail Armor
20:19 Forging
20:09 Stone Mining
21:05 Hand Cart
20:36 Town Watch
22:49 Heavy Plow
23:18 Squires
25:56 Gold Mining
26:39 Bow Saw
32:48 Imperial Age
30:35 Thumb Ring
30:42 Crossbowman
31:28 Padded Archer Armor
31:18 Fletching
31:26 Fletching
33:57 Caravan
34:19 Conscription
36:31 Two-Man Saw
34:53 Arbalester
36:26 Ballistics
36:59 Bodkin Arrow
37:46 Gold Shaft Mining
37:20 Arson
38:01 Elite Shotel Warrior
39:00 Heavy Scorpion
40:13 Halberdier
42:40 Chemistry
42:23 Royal Heirs
42:54 Heavy Camel Rider
43:35 Husbandry
45:02 Scale Barding Armor
45:33 Iron Casting
48:20 Chain Barding Armor
49:24 Chain Mail Armor
Connection lost

Rejoining the realm…

Still unreachable

The connection could not be restored.

Session expired

The server has moved on; the page needs a fresh start.